 Seeded DCSS version 0.30-a0-242-g7bf8e6d787 (webtiles) character file.

Game seed: 13102143588985963117 (custom seed)

12199 Hubris850 the Slicer (level 11, -13/77 HPs)
             Began as a Merfolk Ice Elementalist on Oct 11, 2022.
             Was a High Priest of Dithmenos.
             Killed from afar by an oklob plant (28 damage)
             ... with a splash of acid
             ... on level 11 of the Dungeon.
             The game lasted 00:49:33 (12862 turns).

Hubris850 the Slicer (Merfolk Ice Elementalist)    Turns: 12862, Time: 00:49:33

Health: -13/77     AC:  0    Str:  8    XL:     11   Next: 89%
Magic:  15/15      EV: 15    Int: 16    God:    Dithmenos [*****.]
Gold:   467        SH:  4    Dex: 22    Spells: 5/15 levels left

rFire   . . .      SeeInvis .    E - +3 short sword (venom)
rCold   . . .      Faith    .    j - +0 buckler
rNeg    + . .      Spirit   .    C - +4 Cigotuvi's embrace {rMiasma Drain rN+}
rPois   +          Reflect  .    (no helmet)
rElec   +          Harm     .    U - +1 cloak
rCorr   .          Rampage  .    P - +2 pair of gloves of Unreason {Contam rElec Will++ Dex+4}
Will    +++..                    (no boots)
Stlth   ++++++++..               (no amulet)
HPRegen 0.32/turn                G - ring of poison resistance
MPRegen 0.14/turn                i - ring of willpower

@: corroded, wreathed by umbra
A: (nimble swimmer 2), mertail
a: Renounce Religion, Shadow Step, Shadow Form


You were on level 11 of the Dungeon.
You worshipped Dithmenos.
Dithmenos was extremely pleased with you.
You visited 1 branch of the dungeon, and saw 11 of its levels.
You also visited: Ossuary and Bailey.

You collected 914 gold pieces.
You spent 447 gold pieces at shops.

Inventory:

Hand Weapons
 c - a +0 dagger
 o - a +2 vampiric dagger
 r - a +4 dagger
 v - a +0 long sword
 E - a +3 short sword of venom (weapon)
Missiles
 x - 10 javelins
 y - 43 poisoned darts
 D - 7 boomerangs
 V - a throwing net
Armour
 a - a +0 robe
 j - a +0 buckler (worn)
 u - a +0 kite shield
 C - the +4 Cigotuvi's embrace (worn) {rMiasma Drain rN+}
   (You bought it in a shop on level 1 of the Dungeon)

   It gathers nearby corpses to temporarily increase the armour it provides.
   It protects you from foul pestilence.
   rN:        It protects you from negative energy.
   Drain:     It drains your maximum health when unequipped.
 P - the +2 pair of gloves of Unreason (worn) {Contam rElec Will++ Dex+4}
   (You bought it in a shop on level 4 of the Dungeon)

   Dex:       It affects your dexterity (+4).
   rElec:     It insulates you from electricity.
   Contam:    It causes magical contamination when unequipped.
   Will:      It greatly increases your willpower.
 T - a +0 tower shield of protection
 U - a +1 cloak (worn)
Magical Staves
 F - a staff of earth
Jewellery
 d - a +4 ring of protection
 e - a +6 ring of strength
 i - a ring of willpower (right hand)
 G - a ring of poison resistance (left hand)
 I - a ring of flight
Wands
 q - a wand of paralysis (12)
 K - a wand of mindburst (1)
Scrolls
 g - 3 scrolls of teleportation
 h - 3 scrolls of blinking
 k - 3 scrolls of immolation
 m - 2 scrolls of vulnerability
 s - 2 scrolls of enchant weapon
 w - 2 scrolls of poison
 z - a scroll of torment {unknown}
 A - a scroll of amnesia
 B - 2 scrolls of fog
 H - 2 scrolls of fear
 L - a scroll of brand weapon {unknown}
 M - a scroll of identify
 R - 3 scrolls of enchant armour
 S - a scroll of silence {unknown}
Potions
 b - 3 potions of magic
 f - 8 potions of curing
 l - 3 potions of flight
 n - a potion of ambrosia
 p - 3 potions of lignification
 t - 2 potions of might
 J - 3 potions of mutation
 N - 4 potions of degeneration
 O - 3 potions of brilliance
 Q - a potion of haste


   Skills:
 - Level 4.0 Fighting
 - Level 12.3 Short Blades
 + Level 2.8 Armour
 - Level 6.2 Dodging
 - Level 12.0 Stealth
 + Level 2.8 Spellcasting
 + Level 1.8 Summonings
 + Level 7.9 Ice Magic
 - Level 5.0 Invocations
 - Level 5.0 Evocations


You had 5 spell levels left.
You knew the following spells:

 Your Spells              Type           Power      Damage    Failure   Level
a - Ozocubu's Armour      Ice            27%        N/A       4%          3
b - Frozen Ramparts       Ice            54%        1d9       4%          3
c - Summon Ice Beast      Ice/Summ       17%        N/A       45%         4

Your spell library contained the following spells:

 Spells                   Type           Power      Damage    Failure   Level
 Freeze                   Ice            100%       1d10      1%          1
 Ensorcelled Hibernation  Hex/Ice        28%        N/A       11%         2
 Summon Small Mammal      Summ           32%        N/A       17%         1
 Apportation              Tloc           4%         N/A       36%         1
 Kiss of Death            Conj/Necr      8%         2d6       36%         1
 Magic Dart               Conj           8%         1d3       36%         1
 Necrotise                Necr           8%         1d4       36%         1
 Sandblast                Erth           4%         2d4       36%         1
 Call Canine Familiar     Summ           8%         N/A       45%         3
 Passwall                 Tmut/Erth      1%         N/A       50%         2
 Searing Ray              Conj           4%         2d4       50%         2
 Summon Guardian Golem    Hex/Summ       5%         N/A       58%         3
 Confusing Touch          Hex            2%         N/A       73%         3
 Stone Arrow              Conj/Erth      4%         3d7       73%         3
 Swiftness                Air            2%         N/A       73%         3
 Metabolic Englaciation   Hex/Ice        7%         N/A       90%         5
 Dispel Undead            Necr           2%         3d7       98%         4
 Fulminant Prism          Conj/Hex       1%         3d6       98%         4
 Manifold Assault         Tloc           2%         N/A       98%         4
 Passage of Golubria      Tloc           2%         N/A       98%         4
 Silence                  Hex/Air        1%         N/A       100%        5
 Summon Mana Viper        Hex/Summ       5%         N/A       100%        5
 Dispersal                Tloc           1%         N/A       100%        6
 Simulacrum               Ice/Necr       7%         N/A       100%        6
 Monstrous Menagerie      Summ           4%         N/A       100%        7
 Disjunction              Tloc           1%         N/A       100%        8
 Lehudib's Crystal Spear  Conj/Erth      1%         10d2      100%        8


Dungeon Overview and Level Annotations

Branches:
Dungeon (11/15)            Temple (0/1) D:4            Lair (0/5) D:10
    Orc (0/2) D:9         Ossuary (visited)          Bailey (visited)

Altars:
Ashenzari
Dithmenos
Gozag
Hepliaklqana
Makhleb
Nemelex Xobeh
Okawaru
Ru
Trog
Uskayaw
Zin

Shops:
D:1 *   D:4 [:   D:5 ?   D:8 (

Annotations:
D:5 2 transporters, Darkkill's ghost, novice HuHu
D:7 2 transporters, KennySheep's ghost, novice OgGl
D:11 exclusion: oklob plant


Innate Abilities, Weirdness & Mutations

((You are very nimble when in or above water. (Stealth+, EV+, Speed+++)))
Your lower body shifts to a powerful aquatic tail in water.


Message History

The oklob plant looks as sick as possible!
The oklob plant is moderately damaged.
The endoplasm completely misses you.
You barely miss the endoplasm. The endoplasm freezes you.
You are frozen.
You hit the endoplasm.
The endoplasm is moderately wounded.
You hit the oklob plant but do no damage.
The oklob plant is heavily damaged.
You block the endoplasm's attack. The oklob plant spits acid at you.
The splash of acid hits you!! The acid corrodes you!
You hit the endoplasm.
The endoplasm is heavily wounded.
You hit the endoplasm but do no damage.
The endoplasm is poisoned.
The endoplasm is heavily wounded.
The endoplasm closely misses you.
You hit the oklob plant but do no damage.
The oklob plant is heavily damaged.
You hit the oklob plant but do no damage.
The oklob plant looks as sick as possible!
The oklob plant is heavily damaged.
Your shadow hits the oklob plant but does no damage.
The endoplasm barely misses you. The oklob plant spits acid at you.
The splash of acid hits you!
You hit the oklob plant but do no damage.
The oklob plant is heavily damaged.
You hit the oklob plant.
The oklob plant is heavily damaged.
You kill the endoplasm!
Dithmenos accepts your kill. The oklob plant spits acid at you.
The splash of acid hits you!
* * * LOW HITPOINT WARNING * * *
The acid corrodes you! The oklob plant spits acid at you.
The splash of acid hits you!!
You die...

####..######..# #.
#.............# #.
#.............#### #.
#.............)..# #.
#................####.
#########.............
###...####.............
#P......##..###........
#...P.@.....# #........
#.......##..# #########
###...####### #####


You could see an oklob plant (extremely poisoned).

Vanquished Creatures
  Erolcha (D:10)
  A tengu warrior (D:9)
  A two-headed ogre (D:8)
  An orc knight (Bailey)
  2 gargoyles
  3 kobold demonologists
  2 komodo dragons (D:11)
  A tengu conjurer (D:9)
  2 trolls
  2 wyverns
  9 yaks
  A wraith (D:11)
  A water elemental (D:11)
  3 steam dragons
  An acid dragon (D:11)
  3 wargs (D:10)
  A water moccasin (D:8)
  An ice beast (D:6)
  5 orc warriors
  A sky beast (D:7)
  A black bear (D:6)
  5 centaurs
  4 kobold brigands
  A gnoll sergeant (D:8)
  A bullfrog (D:9)
  A scorpion (D:4)
  8 wights
  19 killer bees
  5 electric eels (D:11)
  A howler monkey (D:4)
  2 hounds
  A gnoll bouda (D:6)
  10 jellies
  8 orc priests
  Crazy Yiuf (D:7)
  3 iguanas
  13 orc wizards
  Ijyb (D:3)
  8 mummies (Ossuary)
  11 gnolls
  6 adders
  A shadow imp (D:5)
  2 white imps
  An ufetubus (D:5)
  4 dart slugs
  69 orcs
  5 ball pythons
  9 bats
  26 endoplasms
  6 giant cockroaches
  A gnoll zombie (Ossuary)
  7 hobgoblins
  21 kobolds
  3 quokkas
  5 frilled lizards
  16 goblins
  A hobgoblin zombie (Ossuary)
  3 kobold zombies (Ossuary)
  3 orc zombies (Ossuary)
  7 rats
342 creatures vanquished.

Vanquished Creatures (others)
  5 fungi (D:11)
  6 plants (D:11)
11 creatures vanquished.

Grand Total: 353 creatures vanquished

Notes
Turn   | Place    | Note
-------+----------+-------------------------------------------
     0 | D:1      | Hubris850 the Merfolk Ice Elementalist began the quest for
                  | the Orb.
     0 | D:1      | Reached XP level 1. HP: 13/13 MP: 3/3
     2 | D:1      | Noticed a ghoul
     4 | D:1      | Noticed a formicid
     6 | D:1      | Noticed a merfolk
     6 | D:1      | Noticed an octopode
     8 | D:1      | Noticed an armataur
     8 | D:1      | Noticed a demigod
    10 | D:1      | Noticed a draconian
    12 | D:1      | Noticed a gargoyle
    12 | D:1      | Noticed a naga
    14 | D:1      | Noticed a tengu
    14 | D:1      | Noticed a felid
    16 | D:1      | Noticed a troll
    16 | D:1      | Noticed a spriggan
    18 | D:1      | Noticed a meteoran
    18 | D:1      | Noticed a minotaur
    20 | D:1      | Noticed an ogre
    20 | D:1      | Noticed a vine stalker
    22 | D:1      | Noticed a human
    22 | D:1      | Noticed a demonspawn
    24 | D:1      | Noticed an elf
    24 | D:1      | Noticed an ogre
    26 | D:1      | Noticed a formicid
    26 | D:1      | Noticed an elf
    91 | D:1      | Reached XP level 2. HP: 18/19 MP: 0/5
   112 | D:1      | Reached skill level 1 in Short Blades
   526 | D:1      | Reached XP level 3. HP: 24/24 MP: 6/6
   755 | D:1      | Found Haorhuyl's General Store.
  1272 | D:2      | Found a faded altar of an unknown god.
  1575 | D:2      | Learned a level 3 spell: Frozen Ramparts
  1932 | D:2      | Reached XP level 4. HP: 30/30 MP: 3/7
  2281 | D:3      | Reached XP level 5. HP: 35/35 MP: 8/8
  2314 | D:3      | Noticed Ijyb
  2321 | D:3      | Killed Ijyb
  2729 | D:3      | Reached skill level 5 in Short Blades
  2729 | D:3      | Reached XP level 6. HP: 35/41 MP: 9/9
  2940 | D:3      | Found a broken altar of Ashenzari.
  2940 | D:3      | Found an opulent altar of Gozag.
  2940 | D:3      | Found an iron altar of Okawaru.
  2945 | D:3      | Found a bloodstained altar of Trog.
  2947 | D:3      | Found a glowing silver altar of Zin.
  2951 | D:3      | Found a hide-covered altar of Uskayaw.
  2952 | D:3      | Found a sparkling altar of Nemelex Xobeh.
  2955 | D:3      | Found a hazy altar of Hepliaklqana.
  2959 | D:3      | Found a shadowy altar of Dithmenos.
  2960 | D:3      | Found a burning altar of Makhleb.
  3011 | D:3      | Became a worshipper of Dithmenos the Shadowed
  3127 | D:3      | Reached XP level 7. HP: 37/45 MP: 3/10
  3278 | D:4      | Found a sacrificial altar of Ru.
  3635 | D:4      | Found Oluim's Antique Armour Emporium.
  3906 | D:4      | Found Muneg's Book Shop.
  3966 | D:4      | Reached * piety under Dithmenos
  4215 | D:4      | Found a staircase to the Ecumenical Temple.
  4590 | D:1      | Bought the +4 Cigotuvi's embrace {rMiasma Drain rN+} for
                  | 276 gold pieces
  4590 | D:1      | Found the +4 Cigotuvi's embrace {rMiasma Drain rN+}
  4679 | D:5      | Entered Level 5 of the Dungeon
  4701 | D:5      | Reached skill level 5 in Stealth
  5098 | D:5      | Found a transporter.
  5105 | D:5      | Noticed Darkkill's ghost (novice HuHu)
  5106 | D:5      | Found a transporter.
  5140 | D:5      | Found Ganga's Magic Scroll Emporium.
  5163 | D:5      | Noticed a kobold demonologist
  5172 | D:5      | Noticed a smoke demon
  5177 | D:5      | Reached XP level 8. HP: 36/52 MP: 5/11
  5182 | D:5      | Killed a kobold demonologist
  5771 | D:6      | Found a sand-covered staircase.
  5779 | Ossuary  | Entered an ossuary
  6000 | Ossuary  | Reached ** piety under Dithmenos
  6553 | D:4      | Bought a pair of scorched gloves for 171 gold pieces
  6553 | D:4      | Identified the +2 pair of gloves of Unreason {Contam rElec
                  | Will++ Dex+4} (You bought it in a shop on level 4 of the
                  | Dungeon)
  6679 | D:6      | Reached skill level 10 in Short Blades
  6753 | D:6      | Reached XP level 9. HP: 38/57 MP: 9/12
  7313 | D:7      | Found a transporter.
  7385 | D:7      | Found a flagged portal.
  7396 | Bailey   | Entered a bailey
  7592 | Bailey   | Noticed an orc knight
  7612 | Bailey   | Reached *** piety under Dithmenos
  7651 | Bailey   | Killed an orc knight
  7654 | Bailey   | Reached skill level 10 in Stealth
  7848 | D:7      | Found a transporter.
  8068 | D:7      | Found a runed translucent door.
  8069 | D:7      | Noticed Crazy Yiuf
  8076 | D:7      | Killed Crazy Yiuf
  8136 | D:7      | Noticed a purple ugly thing
  8141 | D:7      | Noticed KennySheep's ghost (novice OgGl)
  8229 | D:8      | Noticed a two-headed ogre
  8233 | D:8      | Killed a two-headed ogre
  8234 | D:8      | Reached XP level 10. HP: 63/63 MP: 13/13
  8297 | D:8      | Reached skill level 1 in Invocations
  8298 | D:8      | Reached skill level 1 in Evocations
  8947 | D:8      | Found Utategev's Weapon Emporium.
  9026 | D:8      | Reached skill level 5 in Ice Magic
  9585 | D:9      | Found a staircase to the Orcish Mines.
 10092 | D:9      | Noticed a tengu warrior
 10109 | D:9      | HP: 2/63 [tengu warrior/+0 bardiche (21)]
 10137 | D:9      | Killed a tengu warrior
 10137 | D:9      | Reached **** piety under Dithmenos
 10288 | D:9      | Identified the +0 flail of the Onslaught {vorpal, *Rage rN+
                  | Will++ SInv}
 10531 | D:10     | Entered Level 10 of the Dungeon
 10594 | D:10     | Noticed a gargoyle
 10600 | D:10     | Killed a gargoyle
 10640 | D:10     | Reached XP level 11. HP: 57/68 MP: 8/14
 10652 | D:10     | Reached skill level 1 in Fighting
 10801 | D:10     | Reached skill level 1 in Armour
 10801 | D:10     | Reached skill level 5 in Dodging
 10929 | D:10     | Noticed Erolcha
 10934 | D:10     | Found a staircase to the Lair.
 10936 | D:10     | Killed Erolcha
 10937 | D:10     | Reached skill level 5 in Invocations
 11421 | D:11     | Reached skill level 5 in Evocations
 11767 | D:11     | Learned a level 3 spell: Ozocubu's Armour
 11772 | D:11     | Learned a level 4 spell: Summon Ice Beast
 11816 | D:11     | Reached ***** piety under Dithmenos
 11957 | D:11     | Reached skill level 1 in Summonings
 12642 | D:11     | Noticed an oklob plant
 12862 | D:11     | Killed from afar by an oklob plant

Illustrated notes

Levels and vault maps discovered:
D:1:      kb_arrival_jail, layout_basic, serial_shops, shop, st_stairs_2,
          hex_intersection, dreamdust_princess_bridge, minmay_box_of_dots
D:2:      cheibrodos_greedy_goblins, layout_basic,
          dreamdust_ecumenical_altar_grove
D:3:      layout_basic, nicolae_overflow_hallway_of_the_gods, uniq_ijyb
D:4:      layout_rooms, lemuel_tele_altar, minmay_temple_entry_purple_smoke,
          serial_shops, nicolae_shop_hallway_plus, shop,
          serial_co_window_serial, co_window_paths_a, co_window_corner_a,
          co_window_paths_b, co_window_paths_a, co_window_corner_a,
          co_window_paths_b, co_window_corner_a, co_window_unsneaky_path_e,
          co_window_broadway_c, co_window_cross_2, co_window_2corner,
          glass_columns_c, glass_columns_c, glass_columns_c
D:5:      layout_loops_ring, gammafunk_ghost_mausoleum, serial_shops, shop
D:6:      layout_basic, chequers_ossuary_entry_cave, minivault_5
D:7:      layout_cave_pools, enter_bailey_3, gammafunk_ghost_abyssal_escape,
          uniq_crazy_yiuf_cottage
D:8:      layout_basic, serial_shops, nicolae_shop_bloodbath_and_beyond
D:9:      layout_gridville, minmay_orc_entry_temple_small,
          serial_co_window_serial, co_window_paths_a, co_window_paths_a,
          co_window_corner_a, co_window_corner_a, co_window_paths_a,
          co_window_paths_b, co_window_corner_cb, co_window_cross_4,
          co_window_corner_b, co_window_paths_d, glass_columns_a,
          glass_columns_b
D:10:     layout_gridville, erik_lair_orcish_takeover, uniq_erolcha
D:11:     lemuel_slime, layout_irregular_city, serial_bayou,
          serial_bayou_pond_b, serial_bayou_pond_d, serial_bayou_shore_a,
          serial_bayou_lake_a

Skill      XL: |  1  2  3  4  5  6  7  8  9 10 11 |
---------------+----------------------------------+-----
Dodging        | 3 4 6 |  6.2
Short Blades   | 1 2 3 5 6 8 10 12 | 12.3
Stealth        | 3 5 8 10 12 | 12.0
Invocations    | 4 5 |  5.0
Evocations     | 4 5 |  5.0
Ice Magic      | 6 7 |  7.9
Fighting       | 4 |  4.0
Armour         | 2 |  2.8
Summonings     | 1 |  1.8
Spellcasting   | |  2.8

Action                   |  1- 3 |  4- 6 |  7- 9 | 10-12 || total
-------------------------+-------+-------+-------+-------++-------
Melee: Dagger            |    81 |   106 |   126 |       ||   313
       Punch             |     1 |       |       |       ||     1
       Short sword       |       |       |   335 |   475 ||   810
       Tailslap          |       |       |    15 |     1 ||    16
Throw: Javelin           |       |       |     1 |       ||     1
       Dart              |       |       |     4 |       ||     4
 Cast: Freeze            |    43 |     1 |     5 |       ||    49
       Frozen Ramparts   |     1 |     4 |    16 |    24 ||    45
       Ozocubu's Armour  |       |       |       |     2 ||     2
Evoke: Wand              |       |     8 |     3 |     9 ||    20
  Use: Scroll            |       |       |    14 |     4 ||    18
       Potion            |       |       |     2 |     7 ||     9
 Stab: Sleeping          |     9 |     9 |    20 |    16 ||    54
       Paralysed         |       |     4 |     2 |     3 ||     9
       Distracted        |       |       |     3 |       ||     3
Armor: Robe              |    14 |    14 |     1 |       ||    29
       Leather armour    |       |       |    46 |   109 ||   155
Dodge: Dodged            |    65 |    54 |   176 |   256 ||   551
Block: Buckler           |       |    12 |    30 |    74 ||   116

Table legend: (Time is in decaauts)
 A = Elapsed time spent in this place.
 B = Non-inter-level travel time spent in this place.
 C = Inter-level travel time spent in this place.
 D = Time resting spent in this place.
 E = Time spent auto-exploring this place.
 F = Levels seen in this place.
 G = Mean time per level.
                   A        B        C        D        E       F      G
               +--------+--------+--------+--------+--------+-----+--------+
         Total |  12353 |  11648 |    705 |   1650 |   6708 |  13 |  950.2 |
       Dungeon |  11485 |  10780 |    705 |   1535 |   6583 |  11 | 1044.1 |
       Ossuary |    616 |    616 |      0 |    115 |     97 |   1 |  616.0 |
        Bailey |    251 |    251 |      0 |      0 |     28 |   1 |  251.0 |
               +--------+--------+--------+--------+--------+-----+--------+

Top non-repeatable levels by time:
     D:2: 1399 daAuts
    D:11: 1384 daAuts
     D:1: 1234 daAuts
     D:4: 1187 daAuts
     D:9: 1178 daAuts
     D:8: 1105 daAuts
     D:6: 943 daAuts
     D:5: 878 daAuts
     D:3: 828 daAuts
    D:10: 775 daAuts
 Ossuary: 616 daAuts
     D:7: 569 daAuts
  Bailey: 251 daAuts
